 Dungeon Crawl Stone Soup version 0.31-a0-175-g9f7f995f2b (webtiles) character file.

Game seed: 6158277821644945804

268 qw the Chopper (level 6, 0/37 HPs)
             Began as a Gargoyle Fighter on June 17, 2023.
             Slain by Terence
             ... wielding a +0 flail
              (10 damage)
             ... on level 3 of the Dungeon.
             The game lasted 00:01:02 (1428 turns).

qw the Chopper (Gargoyle Fighter)                   Turns: 1428, Time: 00:01:03

Health: 0/37       AC: 11    Str: 22    XL:     6   Next: 21%
Magic:  6/6        EV:  9    Int:  8    God:
Gold:   102        SH:  4    Dex:  9    Spells: 5/5 levels left

rFire   . . .        Y - +0 war axe (drain)
rCold   . . .        c - +0 buckler
rNeg    + . .        b - +0 scale mail
rPois   inf          (no helmet)
rElec   +            (no cloak)
rCorr   .            (no gloves)
SInv    .            (no boots)
Will    .....        (no amulet) Stlth
                     (no ring)
HPRegen 0.26/turn    (no ring)
MPRegen 0.10/turn

%: no passive effects
@: no status effects
A: sickness immunity, AC +4, negative energy resistance 1, electricity
resistance, torment resistance 1, petrification resistance
a: no special abilities


You were on level 3 of the Dungeon.
You visited 1 branch of the dungeon, and saw 3 of its levels.

You collected 102 gold pieces.


Innate Abilities, Weirdness & Mutations

You are immune to sickness and miasma.
Your stone body is resilient. (AC +4)
You are immune to poison.
You resist negative energy. (rN+)
You are resistant to electric shocks. (rElec)
You are resistant to unholy torment.
You are immune to petrification.


   Skills:
 + Level 3.3 Fighting
 - Level 5.8 Axes
 - Level 3.2 Armour
 - Level 3.2 Shields


You had 5 spell levels left.
You didn't know any spells.
Your spell library was empty.

Inventory:

Hand Weapons
 e - a +0 war axe
 l - a +0 whip
 Y - a +0 war axe of draining (weapon)
Armour
 b - a +0 scale mail (worn)
 c - a +0 buckler (worn)
Scrolls
 a - a scroll of teleportation {unknown}
 h - a scroll of enchant armour {unknown}
 p - a scroll of identify
Potions
 d - a potion of might
 f - a potion of heal wounds {unknown}
 g - 2 potions of enlightenment {unknown}
 i - a potion of lignification {unknown}
 j - a potion of curing
 k - a potion of resistance
 m - a potion of degeneration {unknown}
 o - 2 potions of attraction {unknown}

Dungeon Overview and Level Annotations

Branches:
Dungeon (3/15)

Altars:

Annotations:
D:3 Terence


Message History

o - 2 smoky green potions (gained 1)
Things that are here:
a +2 scythe of freezing; a +0 robe; the human corpse of Sigmund
Enter note:
Enter note: A kobold comes into view. It is wielding a +0 whip.
The kobold shouts!
Enter note:
Enter note:
Enter note:
Enter note: An endoplasm comes into view.
Enter note:
Enter note:
Enter note:
Enter note: You hit the kobold but do no damage.
You drain the kobold.
You kill the kobold!
Terence the Incautious comes into view.
He is wielding a +0 flail and carrying a wand of flame (13).
1421 ||| Stepping ~*~*~tactically~*~*~ (stealth).
Terence zaps a wand.
The puff of flame hits you! The endoplasm barely misses you.
You hit the endoplasm. You drain the endoplasm.
The endoplasm is heavily wounded.
The endoplasm freezes you.
You are frozen.
You slash the endoplasm!
You kill the endoplasm!
Things that are here:
a +0 whip; 3 stones; a kobold corpse You slash Terence!
Terence is severely wounded.
Terence hits you with a +0 flail. Terence hits you with a +0 flail!
You barely miss Terence.
Terence is severely wounded.
Terence hits you with a +0 flail!
You closely miss Terence.
Terence is severely wounded.
Terence hits you with a +0 flail!
You die...

#.....# #.# #+#+# #
#.....# #.# #.#.# #
#.....# #.###.#.######
#.....# #.#...).......
#.....# #.#.#.#.######
#.....###.#.#.#......'
#...........#.########
#.....###.###.# #####
#....@..#.....# #...'
##+#@##.####### #.###
#. ... # #. ### # #. #
## # # #


You could see Terence.

Vanquished Creatures
  Sigmund (D:3)
  Natasha (D:3)
  An adder (D:2)
  3 worms (D:2)
  3 dart slugs
  An orc (D:2)
  5 ball pythons
  5 bats
  6 endoplasms
  3 giant cockroaches (D:1)
  6 goblins
  5 hobgoblins
  2 jackals (D:2)
  4 kobolds
  6 frilled lizards
  4 rats
56 creatures vanquished.

Notes
Turn   | Place    | Note
-------+----------+-------------------------------------------
     0 | D:1      | qw the Gargoyle Fighter began the quest for the Orb.
     0 | D:1      | Reached XP level 1. HP: 14/14 MP: 1/1
     0 | D:1      | 0 ||| qw: Version: 0.3-a-2-g5ab2908
     0 | D:1      | 0 ||| qw: Game counter: 340
     0 | D:1      | 0 ||| qw: Always use a shield: true
     0 | D:1      | 0 ||| qw: God list: Okawaru
     0 | D:1      | 0 ||| qw: Allow faded altars: false
     0 | D:1      | 0 ||| qw: Do Orc after D:15 true
     0 | D:1      | 0 ||| qw: Do second Lair branch before Depths: true
     0 | D:1      | 0 ||| qw: Lair rune preference: random
     0 | D:1      | 0 ||| qw: Plans: Normal, Zot:1-4, Slime:5, God:TSO, Crypt,
                  | Tomb, Abyss, Pan, Hells, Win
     0 | D:1      | 0 ||| PLANNING D:1-11
    25 | D:1      | Reached skill level 2 in Axes
    71 | D:1      | Reached XP level 2. HP: 15/19 MP: 2/2
   146 | D:1      | 146 ||| Stepping ~*~*~tactically~*~*~ (stealth).
   227 | D:1      | Reached skill level 3 in Axes
   276 | D:1      | Reached XP level 3. HP: 23/23 MP: 3/3
   358 | D:1      | 358 ||| Stepping ~*~*~tactically~*~*~ (stealth).
   534 | D:1      | 534 ||| READING scroll labelled LUASIOSENG.
   535 | D:1      | 535 ||| READING 3 scrolls labelled VYSIETSU TAGIT.
   536 | D:1      | 536 ||| READING 2 scrolls of brand weapon.
   536 | D:1      | 536 ||| BRANDING +0 heavy war axe.
   537 | D:1      | 537 ||| DROPPING +0 club.
   538 | D:1      | 538 ||| READING scroll of brand weapon.
   538 | D:1      | 538 ||| BRANDING +0 war axe of flaming.
   632 | D:2      | Found a faded altar of an unknown god.
   732 | D:2      | 732 ||| Stepping ~*~*~tactically~*~*~ (stealth).
   733 | D:2      | 733 ||| Stepping ~*~*~tactically~*~*~ (stealth).
   785 | D:2      | 785 ||| DROPPING +0 club.
   792 | D:2      | 792 ||| Stepping ~*~*~tactically~*~*~ (stealth).
   799 | D:2      | Reached XP level 4. HP: 28/28 MP: 4/4
   883 | D:2      | Reached skill level 4 in Axes
  1057 | D:2      | 1057 ||| READING 2 scrolls labelled JIEWEBO WAETT.
  1058 | D:2      | 1058 ||| READING scroll labelled GIOCIE PO ZIL.
  1059 | D:2      | 1059 ||| READING 2 scrolls labelled BAUTIGGAFU.
  1060 | D:2      | 1060 ||| DRINKING 2 sedimented purple potions.
  1061 | D:2      | 1061 ||| DRINKING 2 smoky purple potions.
  1062 | D:2      | 1062 ||| DRINKING 2 viscous green potions.
  1063 | D:2      | 1063 ||| DROPPING scroll of revelation.
  1064 | D:2      | 1064 ||| DROPPING potion of invisibility.
  1100 | D:3      | Noticed Natasha
  1107 | D:3      | Killed Natasha
  1329 | D:3      | Noticed Sigmund
  1339 | D:3      | Killed Sigmund
  1340 | D:3      | Reached skill level 5 in Axes
  1340 | D:3      | Reached XP level 5. HP: 18/32 MP: 5/5
  1340 | D:3      | Reached XP level 6. HP: 20/37 MP: 6/6
  1420 | D:3      | Noticed Terence
  1421 | D:3      | 1421 ||| Stepping ~*~*~tactically~*~*~ (stealth).
  1428 | D:3      | Slain by Terence

Levels and vault maps discovered:
D:1:      erik_arrival_triangle_medium, layout_rooms
D:2:      layout_rooms, shapermc_ecumenical_altar_venn
D:3:      layout_basic, minmay_tree_intersection, uniq_terence, uniq_natasha,
          uniq_sigmund

Skill      XL: |  1  2  3  4 |
---------------+-------------+-----
Axes           | 2 3 5 |  5.8
Fighting       | |  3.3
Armour         | |  3.2
Shields        | |  3.2

Action                     |  1- 3 |  4- 6 || total
---------------------------+-------+-------++-------
  Melee: War axe           |   116 |    42 ||   158
    Use: Scroll            |     4 |     3 ||     7
         Potion            |       |     3 ||     3
   Stab: Invisible         |       |     1 ||     1
 Armour: Scale mail        |    53 |    14 ||    67
  Dodge: Dodged            |    43 |    15 ||    58
  Block: Buckler           |    22 |     4 ||    26

Table legend:
 A = Non-vault XP
 B = Vault XP
 C = Vault XP percentage of total XP
 D = Non-vault monster count
 E = Vault monster count
 F = Vault count percentage of total count
                 A         B        C        D         E       F
            +---------+---------+-------+---------+---------+-------
      Total |     122 |     261 |  68.1 |      54 |       2 |   3.6
            +---------+---------+-------+---------+---------+-------
        D:1 |      45 |       0 |   0.0 |      25 |       0 |   0.0
        D:2 |      64 |       0 |   0.0 |      23 |       0 |   0.0
        D:3 |      13 |     261 |  95.3 |       6 |       2 |  25.0
            +---------+---------+-------+---------+---------+-------
